 Dungeon Crawl Stone Soup version 0.24.0-1-gfbc8707 (webtiles) character file.

Game seed: 5534852727134869904, levelgen mode: deterministic

8590 Illumine the Cleaver (level 11, 0/100 HPs)
             Began as a Deep Dwarf Fighter on Nov 2, 2019.
             Was a Priest of Makhleb.
             Slain by a black mamba (7 damage)
             ... on level 1 of the Lair of Beasts.
             The game lasted 00:13:56 (5466 turns).

Illumine the Cleaver (Deep Dwarf Fighter)           Turns: 5466, Time: 00:13:57

Health: 0/100      AC: 11    Str: 24    XL:     11   Next: 11%
Magic:  7/7        EV: 15    Int:  8    God:    Makhleb [***...]
Gold:   412        SH:  0    Dex: 12    Spells: 10/10 levels left

rFire    + . .     SeeInvis .   g - +5 battleaxe
rCold    . . .     Gourm    .   (shield currently unavailable)
rNeg     . . .     Faith    .   B - +2 ring mail {rF+}
rPois    .         Spirit   .   (no helmet)
rElec    .         Reflect  .   q - +0 cloak
rCorr    .         Harm     .   l - +0 pair of gloves
MR       +....                  (no boots)
Stlth    +.........             (no amulet)
HPRegen  0.00/turn              (no ring)
MPRegen  0.10/turn              (no ring)

@: lethally poisoned (0 -> -9), non-regenerating
A: damage resistance, heal wounds, sense surroundings 2, no regeneration
a: Heal Wounds, Minor Destruction, Lesser Servant of Makhleb, Renounce Religion


You were on level 1 of the Lair of Beasts.
You worshipped Makhleb.
Makhleb was most pleased with you.
You were very hungry.

You visited 3 branches of the dungeon, and saw 13 of its levels.
You also visited: Volcano.

You collected 440 gold pieces.
You spent 28 gold pieces at shops.

Inventory:

Hand Weapons
 a - a +0 war axe
 g - a +5 battleaxe (weapon)
 i - the +1 hand axe "Rierel" {holy, MR+ Str+4}
   (You found it on level 9 of the Dungeon)

   It has been blessed by the Shining One to cause great damage to the undead
   and demons.
   It affects your strength (+4).
   It affects your resistance to hostile enchantments.
 z - a +2 great sword of flaming
Missiles
 j - 7 boomerangs (quivered)
 w - 2 throwing nets
Armour
 c - a +1 shield
 l - a +0 pair of gloves (worn)
 q - a +0 cloak (worn)
 B - a +2 ring mail of fire resistance (worn)
 C - a +0 buckler of fire resistance
Wands
 r - a wand of flame (17)
 u - a wand of paralysis (33)
 v - a wand of enslavement (3)
Scrolls
 b - a scroll of blinking {unknown}
 e - 10 scrolls of remove curse
 p - a scroll of identify
 x - 3 scrolls of amnesia
Potions
 d - 3 potions of brilliance
 h - a potion of flight {unknown}
 k - 3 potions of heal wounds
 m - a potion of curing {unknown}
 n - a potion of berserk rage {unknown}
 o - 2 potions of resistance {unknown}
 s - 2 potions of agility {unknown}
 t - a potion of lignification {unknown}
 A - a potion of experience {unknown}
 D - a potion of ambrosia {unknown}
Comestibles
 f - 16 rations


   Skills:
 + Level 7.1 Fighting
 * Level 11.2 Axes
 + Level 8.5 Armour
 + Level 7.2 Dodging
 - Level 7.1 Shields
 + Level 5.0 Invocations


You had 10 spell levels left.
You didn't know any spells.
Your spell library contained the following spells:

 Spells                   Type           Power        Failure   Level  Hunger
 Beastly Appendage        Tmut           #.....       54%         1    ##.....
 Confusing Touch          Hex            #.....       54%         1    ##.....
 Sandblast                Erth           #.....       54%         1    ##.....
 Passwall                 Tmut/Erth      #.......     67%         2    ###....
 Sticks to Snakes         Tmut           #.......     67%         2    ###....
 Confuse                  Hex            #.......     88%         3    ####...
 Gell's Gravitas          Tloc           #.........   88%         3    ####...
 Spider Form              Tmut/Pois      #.........   88%         3    ####...
 Stone Arrow              Conj/Erth      #.....       88%         3    ####...
 Ice Form                 Ice/Tmut       #.......     99%         4    #####..
 Petrify                  Tmut/Erth      #.......     99%         4    #####..
 Blade Hands              Tmut           #.........   100%        5    ######.
 Lee's Rapid Deconstruct  Erth           #.........   100%        5    ######.
 Metabolic Englaciation   Hex/Ice        #.........   100%        5    ######.
 Yara's Violent Unravell  Hex/Tmut       #.........   100%        5    ######.


Dungeon Overview and Level Annotations

Branches:
Dungeon (11/15)            Temple (1/1) D:5            Lair (1/6) D:11
    Orc (0/2) D:10        Volcano (visited)

Altars:
Ashenzari
Cheibriados
Elyvilon
Fedhas
Makhleb
Okawaru
Qazlal
Sif Muna
Trog
Wu Jian
Xom
Yredelemnul
Zin
The Shining One

Shops:
D:7 (   D:9 !?*

Annotations:
D:7 Harold


Innate Abilities, Weirdness & Mutations

You are resistant to damage.
You can heal yourself by infusing magical energy.
You passively map the area around you.
You do not regenerate.


Message History

The black mamba poisons you!
You slash the black mamba!
The black mamba is heavily wounded.
The black mamba bites you. The black mamba completely misses you.
You hit the black mamba but do no damage.
The black mamba is moderately wounded.
The black mamba closely misses you.
The black mamba bites you but does no damage.
You slice the black mamba!!
The black mamba is almost dead.
The black mamba bites you!
* * * LOW HITPOINT WARNING * * *
The black mamba bites you.
You are lethally poisoned!
The black mamba poisons you!
You fail to use your ability.
* * * LOW HITPOINT WARNING * * *
You feel very sick. The black mamba bites you!
You die...

..÷P###.#..#... * ,*
.#...#.#...#...#,, ,*
###.......##..##
.##.......#...# #
####...........## ,
,.##
#............###,...
#........##....##.# *
####.....#...##S....#*
##.......##.....@..##
##...#.#..#.#.......#
....#####.###.......#
.....# ##..#P..###.#
....## #.##..#.#*#.#
.....#####....####*
#.# ##.....##P....# *
... #...........#.# *
,,.. #..###....###..#
**


You could see a black mamba.

Vanquished Creatures
  4 two-headed ogres
  A hell hog (Volcano)
  A fire crab (Volcano)
  A cyclops (D:9)
  2 komodo dragons
  Sigmund (D:6)
  3 fire bats (Volcano)
  A wyvern (D:9)
  2 steam dragons (Volcano)
  A water moccasin (Lair:1)
  2 hell hounds (Volcano)
  2 porcupines (Lair:1)
  2 phantoms
  An ice beast (D:8)
  A black bear (D:11)
  2 ogres
  A centaur (D:7)
  Blork the orc (D:6)
  3 bullfrogs
  A wyvern skeleton (D:8)
  3 scorpions
  A water moccasin skeleton (D:9)
  3 wights (D:9)
  5 howler monkeys
  2 crimson imps
  3 centaur zombies
  6 hounds
  3 orc priests
  3 bullfrog skeletons
  5 iguanas
  6 orc wizards
  10 worker ants
  10 adders
  2 oozes
  2 worms
  3 dart slugs
  2 leopard geckos
  25 orcs
  A ball python (D:1)
  4 giant cockroaches
  3 goblins
  3 hobgoblins (D:2)
  20 jackals
  5 quokkas
  4 bats
  A frilled lizard (D:2)
  A kobold (D:1)
  2 leopard gecko skeletons (D:6)
  A leopard gecko zombie (D:7)
  4 rats
  4 plants (D:11)
180 creatures vanquished.

Notes
Turn   | Place    | Note
-------+----------+-------------------------------------------
     0 | D:1      | Illumine the Deep Dwarf Fighter began the quest for the
                  | Orb.
     0 | D:1      | Reached XP level 1. HP: 20/20 MP: 1/1
     2 | D:1      | Noticed a spriggan
     2 | D:1      | Noticed a merfolk
     4 | D:1      | Noticed an octopode
     4 | D:1      | Noticed a ghoul
     6 | D:1      | Noticed a naga
     8 | D:1      | Noticed a demigod
    10 | D:1      | Noticed a demonspawn
    10 | D:1      | Noticed a draconian
    12 | D:1      | Noticed an elf
    12 | D:1      | Noticed a vine stalker
    14 | D:1      | Noticed a centaur
    14 | D:1      | Noticed a gargoyle
    16 | D:1      | Noticed a troll
    16 | D:1      | Noticed a halfling
    18 | D:1      | Noticed a tengu
    18 | D:1      | Noticed a dwarf
    20 | D:1      | Noticed a vampire
    22 | D:1      | Noticed an ogre
    22 | D:1      | Noticed a human
    24 | D:1      | Noticed a minotaur
    26 | D:1      | Noticed a felid
    26 | D:1      | Noticed a formicid
    76 | D:1      | Reached XP level 2. HP: 20/27 MP: 2/2
   193 | D:2      | Reached skill level 3 in Axes
   272 | D:2      | Reached XP level 3. HP: 25/33 MP: 3/3
   398 | D:3      | Reached XP level 4. HP: 37/42 MP: 4/4
   476 | D:3      | Reached skill level 4 in Axes
   476 | D:3      | Reached XP level 5. HP: 22/49 MP: 5/5
   535 | D:4      | Noticed an ogre
   542 | D:5      | Entered Level 5 of the Dungeon
   557 | D:5      | Found a staircase to the Ecumenical Temple.
   573 | Temple   | Entered the Ecumenical Temple
   687 | Temple   | Became a worshipper of Makhleb the Destroyer
   846 | D:5      | Reached XP level 6. HP: 35/56 MP: 6/6
   855 | D:5      | Reached skill level 1 in Dodging
  1260 | D:6      | Noticed Sigmund
  1270 | D:6      | Killed Sigmund
  1270 | D:6      | Reached skill level 5 in Axes
  1408 | D:6      | Reached XP level 7. HP: 18/63 MP: 7/7
  1651 | D:6      | Noticed Blork the orc
  1663 | D:6      | Killed Blork the orc
  1691 | D:6      | Reached skill level 5 in Armour
  1817 | D:6      | Reached * piety under Makhleb
  2013 | D:6      | Reached skill level 5 in Shields
  2324 | D:7      | Reached skill level 6 in Axes
  2383 | D:7      | Found a white marble altar of Elyvilon.
  2399 | D:7      | Found a bloodstained altar of Trog.
  2418 | D:7      | Found Vanudaw's Antique Weapon Shoppe.
  2460 | D:7      | Reached XP level 8. HP: 24/73 MP: 7/7
  2530 | D:7      | Noticed Harold
  2653 | D:8      | Found a shimmering blue altar of Sif Muna.
  2686 | D:8      | Reached skill level 7 in Axes
  2740 | D:8      | Found an ornate altar of the Wu Jian Council.
  2956 | D:8      | Noticed a two-headed ogre
  2977 | D:8      | Killed a two-headed ogre
  2977 | D:8      | Reached ** piety under Makhleb
  2977 | D:8      | Reached skill level 5 in Fighting
  2977 | D:8      | Reached skill level 8 in Axes
  2977 | D:8      | Gained mutation: You passively map the area around you.
                  | [Deep Dwarf growth]
  2977 | D:8      | Reached XP level 9. HP: 40/81 MP: 6/6
  3099 | D:8      | Found a blossoming altar of Fedhas.
  3552 | D:9      | Reached skill level 5 in Dodging
  3695 | D:9      | Found a shimmering altar of Xom.
  3713 | D:9      | Reached skill level 9 in Axes
  3771 | D:9      | Found Kukocuh's Assorted Antiques.
  3793 | D:9      | Found Doamieh's Magic Scroll Shoppe.
  3795 | D:9      | Noticed a two-headed ogre
  3804 | D:9      | Killed a two-headed ogre
  3811 | D:9      | Bought a scroll of identify for 28 gold pieces
  3982 | D:9      | Noticed a cyclops
  3999 | D:9      | Killed a cyclops
  3999 | D:9      | Reached *** piety under Makhleb
  3999 | D:9      | Reached skill level 1 in Invocations
  3999 | D:9      | Reached XP level 10. HP: 51/91 MP: 5/7
  4002 | D:9      | Got a warped hand axe
  4003 | D:9      | Identified the cursed +1 hand axe "Rierel" {holy, MR+
                  | Str+4} (You found it on level 9 of the Dungeon)
  4104 | D:9      | Found Teetrorph's Distillery.
  4216 | D:10     | Entered Level 10 of the Dungeon
  4279 | D:10     | Noticed a two-headed ogre
  4289 | D:10     | Killed a two-headed ogre
  4289 | D:10     | Reached skill level 10 in Axes
  4427 | D:10     | Found a staircase to the Orcish Mines.
  4533 | D:10     | Noticed a two-headed ogre
  4543 | D:10     | Killed a two-headed ogre
  4799 | D:11     | Found a blossoming altar of Fedhas.
  4824 | D:11     | Found a staircase to the Lair.
  4859 | Lair:1   | Entered Level 1 of the Lair of Beasts
  5139 | Lair:1   | Found a dark tunnel.
  5148 | Volcano  | Entered a volcano
  5167 | Volcano  | Noticed a hell hog
  5179 | Volcano  | Killed a hell hog
  5179 | Volcano  | Reached skill level 11 in Axes
  5185 | Volcano  | Reached XP level 11. HP: 43/100 MP: 7/7
  5273 | Volcano  | Noticed a fire crab
  5286 | Volcano  | Killed a fire crab
  5286 | Volcano  | Reached skill level 5 in Invocations
  5466 | Lair:1   | Slain by a black mamba

Levels and vault maps discovered:
D:1:      kb_arrival_jail, layout_rooms
D:2:      layout_rooms, first_ration
D:3:      layout_rooms
D:4:      layout_basic, kennysheep_little_box, gammafunk_ghost_arena,
          minmay_manual_mares
D:5:      layout_loops_corners, minmay_temple_entry_wispy,
          uniq_crazy_yiuf_cottage
D:6:      layout_basic, uniq_sigmund, uniq_blork_the_orc
D:7:      layout_cave_pools, nicolae_dithmenos_shadow_blocks, serial_shops,
          shop, basic_altar, bloody_trog, uniq_harold
D:8:      layout_loops_ring, fedhas_altar_fruit_tree, lemuel_blue_sif_altar,
          lemuel_crystal_altar
D:9:      layout_cave_pods, old_standard_altar, serial_shops,
          nicolae_shop_waterfront, nicolae_shop_overgrown_old_shop,
          nicolae_shop_behind_doors, minmay_sticks_and_stones
D:10:     layout_cave_pools, chequers_serial_rivers_marsh, grunt_ogre_cave
D:11:     lemuel_upstairs_altar, layout_loops_ring, david_lair_shrubbed,
          serial_shops, nicolae_shop_trees, basic_altar,
          chequers_guarded_unrand_ignorance
Temple:   regret_index_temple_sphere_string
Lair:1:   layout_layer_cave, lightli_volcano_entry_magma_tube,
          small_statue_intersection, infiniplex_staircase_pool

Skill      XL: |  1  2  3  4  5  6  7  8  9 10 11 |
---------------+----------------------------------+-----
Axes           | 3 4 5 6 8 9 11 | 11.2
Fighting       | 3 4 5 6 7 |  7.1
Armour         | 4 5 6 7 8 |  8.5
Shields        | 4 5 6 7 |  7.1
Dodging        | 1 3 4 5 7 |  7.2
Invocations    | 1 4 5 |  5.0

Action                   |  1- 3 |  4- 6 |  7- 9 | 10-12 || total
-------------------------+-------+-------+-------+-------++-------
Melee: War axe           |   100 |   120 |   328 |       ||   548
       Battleaxe         |       |       |    62 |   124 ||   186
Throw: Boomerang         |       |       |     1 |     3 ||     4
Invok: Lesser Servant of |       |       |       |     2 ||     2
 Abil: Heal Wounds       |     4 |     2 |    25 |    15 ||    46
  Use: Potion            |       |     1 |       |       ||     1
       Scroll            |       |       |     9 |     4 ||    13
  Eat: Ration            |       |     1 |     1 |       ||     2
       Chunk             |       |       |     5 |     3 ||     8
Armor: Scale mail        |    42 |    67 |   138 |    45 ||   292
       Leather armour    |       |       |       |     9 ||     9
       Ring mail         |       |       |       |     3 ||     3
Dodge: Dodged            |    26 |    42 |   203 |   127 ||   398
Block: Shield            |    59 |    49 |   231 |       ||   339
